[Event "Krakow Championship-A 2022"]
[Site "Krakow"]
[Date "2022.07.01"]
[Round "8.1"]
[White "Warakomski, Tomasz"]
[Black "Zwardon, Vojtech"]
[Result "1/2-1/2"]
[ECO "B31"]
[WhiteElo "2534"]
[BlackElo "2482"]
[Annotator "TA"]
[PlyCount "96"]
[EventDate "2022.06.25"]
[EventType "swiss"]
[EventCountry "POL"]
[SourceTitle "playchess.com"]
[Source "ChessBase"]
[SourceQuality "1"]
[TimeControl "40/5400+30:1800+30"]

1. e4 c5 2. Nf3 Nc6 3. Bb5 g6 4. Bxc6 dxc6 5. d3 Bg7 6. h3 Nf6 7. Nc3 O-O 8. Be3 b6 9. Qd2 e5 10. O-O {[%emt 0:05:43] B31: Sicilian: 2...Nc6 3 Bb5 g6.} Qd6 {[%emt 0:02:51] [#]} 11. b3 $146 ({Predecessor:} 11. Bh6 Ne8 12. Nh2 f6 13. Bxg7 Nxg7 14. f4 exf4 15. Qxf4 Qxf4 16. Rxf4 Ne6 17. Rf2 Nd4 {½-½ (69) Haugen,A (2545)-Laine,P (2485) ICCF email 2012}) 11... Nh5 12. Rae1 f5 13. exf5 gxf5 14. Qe2 Ba6 15. Nh4 Nf4 16. Bxf4 exf4 17. Nb1 Bc8 18. Nf3 Bd7 19. Qe7 Qxe7 (19... Rf6 {with more complications.} 20. Nbd2 b5 21. Re2 Re8) 20. Rxe7 Rf7 21. Rfe1 Rd8 22. Rxf7 ({White should try} 22. R7e2 $1 $14) 22... Kxf7 $11 23. Ne5+ Bxe5 24. Rxe5 {[%emt 0:00:06][%mdl 4096] Endgame KRB-KRN} Kf6 25. Re1 b5 26. Nc3 f3 27. gxf3 Be6 28. f4 c4 29. dxc4 bxc4 30. b4 (30. Rd1 $16 Rxd1+ 31. Nxd1) 30... Rd2 31. Re2 Rd4 32. Kg2 Rxf4 33. Rd2 {[%emt 0:00:14] aiming for Kg3.} Rh4 (33... Ke5 $11) 34. Rd6 $16 f4 (34... c5 $16) 35. Rxc6 $18 Ke7 36. Ra6 Bf5 37. Nd5+ ({Don't do} 37. Rxa7+ $6 Kd8 38. b5 Kc8 $18) 37... Kd8 38. Kf3 {[%emt 0:00:23] Hoping for b5.} Rxh3+ 39. Kxf4 Bxc2 40. Rxa7 {[%emt 0:00:08] And now b5 would win.} Bd1 (40... c3 {was worth a try.}) 41. Ra6 (41. b5 $18 {is the precise move to win. Black must now prevent b6.} Bf3 42. Ra8+ Kd7 43. Nf6+ Kd6 44. Rc8) 41... Kd7 $2 (41... Kc8 $16 {was necessary.} 42. Ne3 (42. Rc6+ Kb7 $16) 42... Rf3+ 43. Ke4 Be2) 42. Ke5 {[%emt 0:00:00] Threatens to win with Rd6+.} (42. Nb6+ Kc6 43. Nxc4+ Kb5 $14) 42... Bf3 43. Rd6+ Kc8 44. Nb6+ Kc7 {[%emt 0:00:13] Strongly threatening ...Rh5+.} 45. Nxc4 Rh5+ {[%emt 0:05:56] [#]} 46. Kf4 $2 ({White must play} 46. Ke6 $1 $18) 46... Bd5 $11 {[%emt 0:00:23] The position is equal.} 47. Kg4 {[%emt 0:00:00] [#]} Bxc4 $1 48. Kxh5 (48. Rd7+ Kxd7) 48... Kxd6 {[%emt 0:00:07] Weighted Error Value: White=0.28 (precise) /Black=0.23 (precise)} 1/2-1/2

[Event "Krakow Championship-A 2022"]
[Site "Krakow"]
[Date "2022.07.01"]
[Round "8.2"]
[White "Klimkowski, Jan"]
[Black "Nguyen, Piotr"]
[Result "1/2-1/2"]
[ECO "C18"]
[WhiteElo "2401"]
[BlackElo "2402"]
[Annotator "TA"]
[PlyCount "33"]
[EventDate "2022.06.25"]
[EventType "swiss"]
[EventCountry "POL"]
[SourceTitle "playchess.com"]
[Source "ChessBase"]
[SourceQuality "1"]
[TimeControl "40/5400+30:1800+30"]

1. e4 e6 2. d4 d5 3. Nc3 Bb4 4. e5 c5 5. a3 Bxc3+ 6. bxc3 Qa5 7. Bd2 Qa4 8. h4 {[%emt 0:00:22] C18: French: 3 Nc3 Bb4: Main line: 7 h4 and 7 Qg4.} Nc6 {[%emt 0:13:01] 8...Ne7 injects fresh life into this line.} 9. h5 Bd7 10. Nf3 Nge7 11. h6 gxh6 12. Rb1 O-O-O {[%emt 0:08:57] [#]} 13. Bb5 $146 ({Predecessor:} 13. Qc1 Nf5 14. Qb2 Na5 15. Bd3 Rhg8 16. Bxf5 exf5 17. Rxh6 Bc6 18. Bg5 Rd7 19. g3 {½-½ (52) Berera,S (1712)-Miller,D (2103) Cardiff 2017}) 13... Qxa3 14. Ra1 Qb2 15. Rb1 {[%emt 0:00:45][%mdl 1024] White has compensation.} Qa3 16. Ra1 Qb2 17. Rb1 {[%emt 0:00:06] Weighted Error Value: White=0.16 (very precise) /Black=0.08 (flawless)} 1/2-1/2

[Event "Krakow Championship-A 2022"]
[Site "Krakow"]
[Date "2022.07.01"]
[Round "8.3"]
[White "Fus, Jakub"]
[Black "Rudolf, Michal"]
[Result "1/2-1/2"]
[ECO "D10"]
[WhiteElo "2378"]
[BlackElo "2361"]
[Annotator "TA"]
[PlyCount "49"]
[EventDate "2022.06.25"]
[EventType "swiss"]
[EventCountry "POL"]
[SourceTitle "playchess.com"]
[Source "ChessBase"]
[SourceQuality "1"]
[TimeControl "40/5400+30:1800+30"]

1. d4 d5 2. c4 c6 3. Nc3 Nf6 4. e3 Bf5 5. Nf3 e6 6. Nh4 Bg6 7. Nxg6 hxg6 8. Qb3 {[%emt 0:01:17] D12: Slav Defence: 3 Nf3 Nf6 4 e3 Bf5.} Qc7 9. Bd2 Nbd7 10. g3 {[%emt 0:01:59] The position is equal.} Be7 11. Rc1 Nb6 12. c5 Nbd7 13. Bg2 e5 14. O-O O-O 15. Qc2 Rfe8 {[%emt 0:05:34] [#]} 16. f4 $146 ({Predecessor:} 16. b4 Nf8 17. b5 Ne6 18. Qa4 e4 19. f3 exf3 20. Rxf3 Ng5 21. Rf4 Ne6 22. Rff1 Ng5 23. Rf4 Ne6 24. Rff1 Ng5 {½-½ (24) Jussupow,A (2633)-Akopian,V (2660) Yerevan 2001}) 16... exd4 17. exd4 b6 18. b4 a5 19. a3 axb4 20. axb4 bxc5 21. bxc5 Nf8 22. Ra1 Qd7 23. Rxa8 Rxa8 24. h3 Qf5 (24... Ne6 $5 25. Be3 Ra3 $15) 25. Rc1 {[%emt 0:00:42] Weighted Error Value: White=0.07 (flawless) /Black=0.04 (flawless)} 1/2-1/2

[Event "Krakow Championship-A 2022"]
[Site "Krakow"]
[Date "2022.07.01"]
[Round "8.4"]
[White "Rozentalis, Eduardas"]
[Black "Pechac, Jergus"]
[Result "1/2-1/2"]
[ECO "C67"]
[WhiteElo "2523"]
[BlackElo "2597"]
[Annotator "TA"]
[PlyCount "48"]
[EventDate "2022.06.25"]
[EventType "swiss"]
[EventCountry "POL"]
[SourceTitle "playchess.com"]
[Source "ChessBase"]
[SourceQuality "1"]
[TimeControl "40/5400+30:1800+30"]

1. e4 e5 2. Nf3 Nc6 3. Bb5 Nf6 4. O-O Nxe4 5. Re1 Nd6 6. Nxe5 Be7 7. Bf1 Nxe5 8. Rxe5 O-O 9. d4 Bf6 10. Re1 Re8 {[%emt 0:00:05] C67: Ruy Lopez: Berlin Defence: 4 0-0 Nxe4.} 11. Rxe8+ Nxe8 12. c3 {[#] A rather calm draw.} {Predecessor:} d5 $146 13. Bf4 c6 14. Bd3 g6 15. Nd2 Ng7 16. Nf3 Bf5 17. h3 Bxd3 18. Qxd3 Qd7 19. Ne5 Qf5 20. Qxf5 Nxf5 21. Ng4 Bg7 22. Ne5 Bf6 23. Ng4 Bg7 24. Ne5 Bf6 {½-½ (24) Mamedyarov,S (2762)-Radjabov,T (2763) chess24.com INT 2021} 1/2-1/2

[Event "Krakow Championship-A 2022"]
[Site "Krakow"]
[Date "2022.07.01"]
[Round "8.5"]
[White "Skytte, Rasmus"]
[Black "Holtel, Jasper"]
[Result "1/2-1/2"]
[ECO "B22"]
[WhiteElo "2357"]
[BlackElo "2347"]
[Annotator "TA"]
[PlyCount "36"]
[EventDate "2022.06.25"]
[EventType "swiss"]
[EventCountry "POL"]
[SourceTitle "playchess.com"]
[Source "ChessBase"]
[SourceQuality "1"]
[TimeControl "40/5400+30:1800+30"]

1. e4 c5 2. c3 Nf6 3. e5 Nd5 4. Nf3 d6 5. exd6 e6 6. g3 Bxd6 7. Bg2 Nc6 8. O-O O-O 9. d4 cxd4 10. Nxd4 Nxd4 11. Qxd4 Qc7 {[%emt 0:01:02] B22: Sicilian: 2 c3.} 12. c4 $1 {[%emt 0:00:21][%mdl 4] is now more promising than 12.Nd2.} Nf6 13. Nc3 {[%emt 0:01:42] [#] aiming for Nb5.} Bd7 14. Rd1 Be5 {[%emt 0:05:29] [#]} 15. Qe3 $146 ({Predecessor:} 15. Bf4 Bxf4 16. Qxf4 Qxf4 17. gxf4 Rac8 18. Rd4 Bc6 19. Rad1 g6 20. b3 a6 21. Rd6 Bxg2 22. Kxg2 {0-1 (60) Oberoi,S (2198)-Preotu,R (2462) Richardson 2022}) 15... Bc6 16. Bxc6 bxc6 17. Re1 Bd6 18. b3 Rfd8 {[%emt 0:01:33] Not much happened in this game.  Weighted Error Value: White=0.05 (flawless) /Black=0.08 (flawless)} 1/2-1/2

[Event "Krakow Championship-A 2022"]
[Site "Krakow"]
[Date "2022.07.01"]
[Round "8.6"]
[White "Leniart, Arkadiusz"]
[Black "Kozak, Antoni"]
[Result "1-0"]
[ECO "B91"]
[WhiteElo "2473"]
[BlackElo "2459"]
[Annotator "TA"]
[PlyCount "81"]
[EventDate "2022.06.25"]
[EventType "swiss"]
[EventCountry "POL"]
[SourceTitle "playchess.com"]
[Source "ChessBase"]
[SourceQuality "1"]
[TimeControl "40/5400+30:1800+30"]

1. e4 c5 2. Nf3 d6 3. d4 cxd4 4. Nxd4 Nf6 5. Nc3 a6 6. g3 g6 7. Bg2 {[%emt 0:00:15] B91: Sicilian Najdorf: 6 g3.} Bg7 8. O-O Bg4 9. Nde2 {[%emt 0:03:03] [#] White is slightly better.} Qc8 $146 ({Predecessor:} 9... Nc6 10. h3 Bd7 11. Be3 h5 12. Nd5 O-O 13. Nb6 Rb8 14. c4 Be8 15. Qd2 Nd7 {½-½ (36) Haddouche,M (2492)-Adly,A (2620) Oran 2017}) 10. Bg5 Nc6 11. Bxf6 (11. f3 $14 Be6 12. Qd2) 11... Bxf6 $15 12. Nd5 {[%emt 0:00:13] [#]} Bd4 {[%emt 0:00:48] Against Nb6} 13. c3 (13. Kh1 $5 Bxe2 14. Qxe2 $11) 13... Ba7 14. Kh1 Kf8 (14... h5 $5 ) 15. f3 Bh3 16. Bxh3 Qxh3 17. g4 Qh4 18. Nef4 h5 19. Ng2 $1 Qg5 {[%emt 0:00:15] aiming for ...hxg4.} 20. f4 $1 Qxg4 21. Rf3 Qd7 22. Qb3 (22. f5 $15) 22... Rd8 23. Raf1 e6 ({Black should try} 23... h4 $17 24. Nb6 Qc7) 24. f5 $1 $11 gxf5 {[%emt 0:03:30] And now ...Ne5 would win.} (24... exd5 $2 25. fxg6 Ne5 26. Rxf7+ Nxf7 27. Rxf7+ Qxf7 28. gxf7 $18) 25. Nf6 Qe7 {[%emt 0:01:01] [#]} (25... Qc8 $1 $11 26. exf5 Ne5) 26. exf5 $1 $14 Ne5 {[%emt 0:02:58] [#]} (26... Qxf6 27. fxe6 Qe7 28. Rxf7+ Ke8 29. Rxe7+ Nxe7 30. Qxb7 $18) 27. Rf4 {[%emt 0:04:39] Threatens to win with fxe6.} Nd3 $1 {[%emt 0:08:54] [#]} (27... Qxf6 $2 28. fxe6 Qg5 29. Rf5 $18 (29. Qxb7 Rg8 $14)) 28. fxe6 $1 Qxe6 ({Not} 28... Nxf4 29. Nxf4 (29. Rxf4 Qxe6 30. Qxb7 Bc5 $17) 29... Qxf6 30. e7+ Ke8 31. exd8=N (31. exd8=R+ Kxd8 32. Qxb7 Be3 $16) 31... Kxd8 32. Qxb7 $16) 29. Qxe6 (29. R4f3 $14 {might be stronger.} Qxb3 30. axb3) 29... fxe6 $11 30. R4f3 $36 {[%emt 0:00:24][%cal Bf4f3,Bf3g3,Bg3g7,Bg7h7][%mdl 2080] White fights for an advantage.} Ne5 (30... Nxb2 $2 31. Rb1 Ke7 32. Rxb2 $18) 31. Rg3 {[%emt 0:01:02] Hoping for Nf4.} h4 32. Nh7+ {[%emt 0:04:02][%mdl 64] Discovered Attack (Double check). Pair of Knights!} Ke8 33. Rg7 {[%emt 0:00:10] Black must now prevent Nf6+.} Ng4 34. Rff7 $18 Rxh7 35. Rxh7 h3 {[%emt 0:00:02] [#]} 36. Nf4 (36. Rxb7 $142 $1 Rd7 (36... hxg2+ 37. Kxg2) 37. Rbxd7 hxg2+ 38. Kxg2 Nf6 39. Rhe7+ Kf8 40. Rxa7 Ne8 41. h4) 36... Nf2+ 37. Kg1 Ne4+ 38. Kf1 {[%emt 0:00:08] White mates.} Ng5 39. Re7+ Kf8 40. Ng6+ Kg8 41. Reg7# {[%emt 0:30:05] Weighted Error Value: White=0.11 (very precise) /Black=0.56} 1-0

[Event "Krakow Championship-A 2022"]
[Site "Krakow"]
[Date "2022.07.01"]
[Round "8.7"]
[White "Romanishin, Oleg M"]
[Black "Balaji Sekar"]
[Result "1-0"]
[ECO "A05"]
[WhiteElo "2400"]
[BlackElo "1189"]
[Annotator "TA"]
[PlyCount "109"]
[EventDate "2022.06.25"]
[EventType "swiss"]
[EventCountry "POL"]
[SourceTitle "playchess.com"]
[Source "ChessBase"]
[SourceQuality "1"]
[TimeControl "40/5400+30:1800+30"]

1. Nf3 Nf6 2. g3 d5 3. Bg2 c5 4. O-O e6 5. d4 Nc6 6. c4 dxc4 7. Ne5 Bd7 8. Na3 cxd4 9. Naxc4 Be7 {[%emt 0:00:16] is more profitable than 9...Bc5 at the moment.} 10. Qb3 {[%emt 0:04:38] E04: Open Catalan: 5 Nf3.} Qc7 11. Bf4 Nh5 12. Nxc6 {[%emt 0:15:46][%mdl 64] Discovered Attack. The position is equal.} Nxf4 13. Nxe7 {[%emt 0:00:10] Pair of Knights!} Nxg2 14. Kxg2 (14. Rac1 $5 Kxe7 15. Qa3+ Kf6 16. Qf3+ Ke7 17. Qa3+ Kf6 18. Qf3+ Ke7 19. Qa3+ $11) 14... Qc5 {[%emt 0:00:28] [#]} 15. Rac1 $146 ({Predecessor:} 15. Ng8 Rxg8 16. Rac1 Bc6+ 17. f3 O-O-O 18. Ne3 Qb6 19. Qxb6 axb6 20. Nc4 Kc7 21. Rfd1 {0-1 (43) Hachenthal,M-Holtorf,P GER email 2008}) 15... Kxe7 16. Nd2 Bc6+ 17. f3 Qd5 18. Qa3+ $1 Qd6 19. Rc5 Rac8 $1 20. Rfc1 $1 (20. Nc4 $2 Bxf3+ $1 21. Qxf3 Qxc5 $17) 20... f5 {[%emt 0:12:37] Inhibits Ne4.} 21. b4 {[%emt 0:00:09] Nc4 is the strong threat.} a5 (21... b6 $5 22. R5c2 (22. Qxa7+ $2 Rc7 $17) 22... Kf6 $11) 22. bxa5 Rhd8 23. Kf2 {[%emt 0:03:49] And now Nc4 would win.} Bd5 24. Rc7+ Rxc7 25. Rxc7+ Rd7 26. Rxd7+ Kxd7 $11 {[%emt 0:00:01][%mdl 4096] Endgame KQB-KQN} 27. Qa4+ Bc6 28. Qc4 (28. Qb3 Qc5 $15) 28... Qd5 29. Qb4 Qd6 30. Qc4 Qd5 31. Qb4 e5 (31... Ke8 $11) 32. Nb3 (32. Nc4 $14 Ke6 33. Qf8 $1) 32... Ke8 33. a6 bxa6 34. Qb8+ Kf7 35. Qa7+ Kf8 36. Qxa6 {[%emt 0:01:44] next Qc8+ is good for White.} e4 37. Qc8+ Kf7 38. Qc7+ Kg8 $2 {[%emt 0:01:02] Black cannot hold the game after this.} (38... Kg6 $1 $11) 39. Qb8+ $18 Kf7 40. Qa7+ Kf8 (40... Qd7 {might work better.} 41. Qxd4 exf3) 41. Qxd4 ({Resist} 41. Nxd4 $6 exf3 42. Nxf3 (42. exf3 Bd7 $16) 42... Qe4 43. Qc5+ Ke8 $18) 41... exf3 {[%emt 0:12:38] [#]} 42. Qxd5 $1 Bxd5 43. exf3 {[%emt 0:00:00][%cal Be2f3,Bf3f4][%mdl 32] KB-KN} g5 44. f4 Kf7 45. Ke3 ({Don't take} 45. fxg5 Kg6 46. h4 Kh5 $18) 45... Kg6 (45... gxf4+ 46. Kxf4 Kf6) 46. Kd4 Bf7 47. Ke5 h6 {[%emt 0:00:05] [#]} 48. Nc1 $1 Be8 49. Ne2 Kh5 50. Nd4 Kg4 51. Nxf5 {[%emt 0:00:00] Intending Nd6 and mate.} gxf4 52. gxf4 {[%emt 0:00:00] White mates.} h5 53. Nd6 Bd7 54. f5 Kg5 55. h4+ {Weighted Error Value: White=0.04 (flawless) /Black=0.34} 1-0

[Event "Krakow Championship-A 2022"]
[Site "Krakow"]
[Date "2022.07.01"]
[Round "8.8"]
[White "Turski, Bartlomiej"]
[Black "Murphy, Conor E"]
[Result "1-0"]
[ECO "C58"]
[WhiteElo "2192"]
[BlackElo "2395"]
[Annotator "TA"]
[PlyCount "53"]
[EventDate "2022.06.25"]
[EventType "swiss"]
[EventCountry "POL"]
[SourceTitle "playchess.com"]
[Source "ChessBase"]
[SourceQuality "1"]
[TimeControl "40/5400+30:1800+30"]

1. e4 e5 2. Nf3 Nc6 3. Bc4 Nf6 4. Ng5 d5 5. exd5 Na5 6. Bb5+ c6 7. dxc6 bxc6 8. Bd3 Nd5 {[%emt 0:00:30] C58: Two Knights: 4 Ng5 d5 5 exd5 Na5 sidelines.} 9. Nf3 ({Worse is} 9. Qh5 g6 10. Nxf7 gxh5 $17) 9... Bd6 10. O-O O-O {[%emt 0:00:30] White has an edge.} 11. Re1 f5 12. Nxe5 {[%emt 0:00:30] Bf1 is the strong threat.} Qf6 $1 ({Less strong is} 12... Qh4 13. Bf1 $18) 13. Nf3 {[%emt 0:00:30] Threatens to win with Bf1.} g5 $1 14. g3 f4 15. Nc3 fxg3 {[%emt 0:00:30] [#]} 16. hxg3 {[%emt 0:00:30][%cal Oc3e4] Hoping for Ne4!} Nxc3 17. dxc3 {[%emt 0:00:30][%cal Od3h7] [#] Black must now prevent Bxh7+!} g4 $146 {[%emt 0:00:30][%mdl 8192] [#] This costs Black the game.} (17... Bg4 $1 $14 18. Bxg5 Qxf3 19. Qxf3 (19. Bxh7+ $2 Kxh7 20. Qxf3 Bxf3 $19) 19... Bxf3) ({Predecessor:} 17... Bg4 18. Bxg5 Qxf3 19. Qxf3 Bxf3 20. Re6 Nb7 21. Rae1 Bd5 22. Rh6 Rf7 23. b4 Bf8 {½-½ (52) Kovalev,V (2639)-Demchenko,A (2660) Riadh 2017}) 18. Bxh7+ $1 $18 Kxh7 {[%emt 0:50:44] [#]} 19. Ng5+ Kg8 20. Ne4 {[%emt 0:00:28][%csl LRd6,LRf6] The board is on fire.} Qg6 21. Qxd6 Bf5 22. Qxg6+ Bxg6 23. Bh6 Rf3 (23... Rf5 {was worth a try.} 24. Rad1 Re8) 24. Bf4 {[%emt 0:05:40] White is clearly winning.} Rf8 25. Nd2 {[%emt 0:00:44] Inhibits Nc4.} R3xf4 26. gxf4 Bxc2 27. Re5 {[%emt 0:00:39] Weighted Error Value: White=0.01 (flawless) /Black=0.32} 1-0

[Event "Krakow Championship-A 2022"]
[Site "Krakow"]
[Date "2022.07.01"]
[Round "8.9"]
[White "Piekielny, Pawel"]
[Black "Danielyan, Vahe"]
[Result "0-1"]
[ECO "B15"]
[WhiteElo "2230"]
[BlackElo "2324"]
[Annotator "TA"]
[PlyCount "76"]
[EventDate "2022.06.25"]
[EventType "swiss"]
[EventCountry "POL"]
[SourceTitle "playchess.com"]
[Source "ChessBase"]
[SourceQuality "1"]
[TimeControl "40/5400+30:1800+30"]

1. e4 c6 2. d4 d5 3. Nc3 dxe4 4. Nxe4 Nf6 5. Nxf6+ exf6 6. c3 Bd6 7. Bd3 Na6 {[%emt 0:00:04] B15: Caro-Kann: 3 Nc3: 3...g6 and 3...dxe4 4 Nxe4 Nf6 5 Nxf6+ exf6.} 8. Ne2 Nc7 9. O-O (9. Qc2 $14) 9... O-O $11 {[%emt 0:00:16] [#] The position is equal.} 10. c4 $146 ({Predecessor:} 10. Bf4 Nd5 11. Bxd6 Qxd6 12. Qd2 Bg4 13. Ng3 Rfe8 14. Rfe1 Nf4 15. Bf1 h5 16. h3 {1-0 (43) Sjugirov,S (2661)-Matlakov,M (2680) Moscow 2021}) 10... Bg4 11. Qc2 g6 12. Be3 Re8 13. h3 Bd7 14. Rad1 a5 15. Nc3 f5 16. c5 Bf8 17. Qb3 a4 18. Qxb7 Rb8 19. Qa7 Rxb2 20. Rb1 ({Don't play} 20. Qxa4 {[#]} Rxe3 $1 21. Qa3 (21. fxe3 $2 {perishes.} Qg5 $19) 21... Rxd3 $1 22. Qxb2 Rxd1 23. Rxd1 Ne6 $17) 20... Rxb1 21. Rxb1 Be6 22. Qxa4 Nd5 $1 23. Nxd5 Bxd5 24. Bc4 Bg7 (24... Re4 $1 $11) 25. g3 (25. Qb3 $16) 25... h5 $14 26. Rb6 (26. h4 $14) 26... Rxe3 $11 27. fxe3 {[%emt 0:00:16] Black must now prevent Bxd5.} Qg5 28. Kf2 f4 $1 29. gxf4 Qg2+ $40 {[%emt 0:00:15][%mdl 128] Black has some attack.} 30. Ke1 {[%emt 0:00:04] Threatens to win with Bxd5.} Qg1+ 31. Kd2 Bxd4 $1 32. exd4 Qxd4+ 33. Kc2 {[%emt 0:00:09] And now Rb8+ would win.} Bxc4 34. Qb4 Kh7 35. Rb8 Qxf4 36. Kc3 (36. Qb2 $11 Qf2+ 37. Kd1 Qf1+ 38. Kd2 Qf4+ 39. Kd1 Qf1+ 40. Kd2 Qg2+ 41. Kc1 Qf1+ 42. Kd2) 36... Qc1+ $17 37. Kd4 Bxa2 38. Qc3 $2 (38. h4 $17) 38... Qf4+ {[%emt 0:00:14] Weighted Error Value: White=0.39/Black=0.11 (very precise)} 0-1

[Event "Krakow Championship-A 2022"]
[Site "Krakow"]
[Date "2022.07.01"]
[Round "8.10"]
[White "Seemann, Jakub"]
[Black "Nurkiewicz, Maciej"]
[Result "1-0"]
[ECO "B90"]
[WhiteElo "2363"]
[BlackElo "2332"]
[Annotator "TA"]
[PlyCount "79"]
[EventDate "2022.06.25"]
[EventType "swiss"]
[EventCountry "POL"]
[SourceTitle "playchess.com"]
[Source "ChessBase"]
[SourceQuality "1"]
[TimeControl "40/5400+30:1800+30"]

1. e4 {[%emt 0:00:03] ChessBase II} c5 2. Nf3 d6 3. d4 cxd4 4. Nxd4 Nf6 5. Nc3 a6 6. h3 e5 7. Nde2 b5 8. g4 {[%emt 0:09:27] 8.Ng3 is the hot move. B90: Sicilian Najdorf: Unusual White 6th moves, 6 Be3 Ng4 and 6 Be3 e5.} Bb7 9. Bg2 b4 10. Nd5 {[%emt 0:03:36] White is slightly better.} Nxd5 11. exd5 Be7 12. a3 a5 {[%emt 0:03:22] [#]} 13. Bd2 $146 ({Predecessor:} 13. Be3 O-O 14. Qd2 Nd7 15. axb4 axb4 16. O-O Ba6 17. Rfc1 Qc7 18. Ng3 Rfb8 19. c4 bxc3 20. Rxc3 {½-½ (28) Santos Ruiz,M (2549)-Vachier Lagrave,M (2780) Brest 2019 CBM 190 Extra [ChessBase II]}) 13... Na6 14. O-O O-O 15. Ng3 Bg5 16. Bxg5 Qxg5 17. Nf5 Qd8 18. axb4 axb4 19. Qd2 g6 20. Ne3 Rc8 21. f4 exf4 22. Rxf4 Rc5 23. Raf1 (23. Qd4 {is more complex.} Bc8 24. Raf1 Qe7 25. Re4) 23... Qe7 (23... Rc7 $14) 24. Re4 ({White should try} 24. g5 $16 {And now Ng4 would win.} Bc8 25. h4) 24... Qd8 $14 25. Qd4 {[%emt 0:00:36] White is more active.} (25. Rd4 $14) 25... Nc7 (25... b3 $1 $11 {feels stronger.}) 26. Ref4 Qe7 27. Rd1 $40 {[%emt 0:10:07][%mdl 128] Black needs to defend precisely.} Rb8 (27... Rb5 $14) 28. g5 $16 {[%emt 0:05:26] Threatens to win with Ng4.} Qxg5 (28... Nb5 $16 29. Qd2 Qxg5 30. Rxb4 f5) 29. h4 $1 $18 Qe5 (29... Qg3 $2 30. Ng4 (30. Nf1 Qxg2+ 31. Kxg2 Rxd5 $16) 30... Qxg4 31. Rxg4 $18) 30. Qxe5 dxe5 31. Rxb4 Rb5 32. Rxb5 Nxb5 33. Ng4 (33. c4 $1 $18 Nd4 34. c5) 33... Nd4 (33... Rc8 $16) 34. Nxe5 Nxc2 {[%emt 0:00:17] [#]} 35. Nc6 $1 Ra8 36. d6 Bxc6 37. Bxc6 Rd8 {[%emt 0:00:11] [#]} 38. d7 (38. Kf2 $1 $18) 38... Nb4 $2 (38... f5 $16) 39. Bb5 f5 40. Re1 {[%emt 0:00:18] Weighted Error Value: White=0.14 (very precise) /Black=0.26 (precise)} 1-0

[Event "Krakow Championship-A 2022"]
[Site "Krakow"]
[Date "2022.07.01"]
[Round "8.11"]
[White "Szustakowski, Antoni"]
[Black "Mikrut, Dariusz"]
[Result "1-0"]
[ECO "E73"]
[WhiteElo "2265"]
[BlackElo "2361"]
[Annotator "TA"]
[PlyCount "63"]
[EventDate "2022.06.25"]
[EventType "swiss"]
[EventCountry "POL"]
[SourceTitle "playchess.com"]
[Source "ChessBase"]
[SourceQuality "1"]
[TimeControl "40/5400+30:1800+30"]

1. d4 Nf6 2. c4 g6 3. Nc3 Bg7 4. e4 d6 5. Be2 O-O 6. Bg5 Na6 7. Qd2 Qe8 8. f3 {[%emt 0:00:35] E73: King's Indian: Averbakh Variation without 6...c5.} c5 9. d5 {[%emt 0:01:36] [#]} e6 $146 ({Predecessor:} 9... Nc7 10. g4 Bd7 11. a4 b6 12. Nh3 a6 13. O-O b5 14. Bh6 bxa4 15. Bxg7 Kxg7 {0-1 (63) Taimanov,A (2071)-Ager,J (2218) Bayern 2007}) 10. Bf4 (10. O-O-O $16) 10... e5 {[%emt 0:00:51] Prevents Qf4.} 11. Be3 Nh5 12. Bd1 ({White should try} 12. g4 $16 Nf4 13. Bf1 (13. Bxf4 exf4 14. Qxf4 f5 $11)) 12... Nf4 ({Better is} 12... Nc7 $11) 13. g3 $14 ({Much weaker is} 13. Bxf4 exf4 14. Nge2 (14. Qxf4 f5 $17) 14... Bd7 $11) 13... Nh5 14. Ba4 Qe7 (14... Bd7 $14 15. Bxd7 Qxd7) 15. Nge2 $16 f5 {[%emt 0:03:37] Inhibits g4.} 16. exf5 gxf5 17. O-O-O Nc7 18. Rhg1 {[%emt 0:01:58] White is more active.} Bd7 19. Bxd7 Qxd7 20. g4 fxg4 21. fxg4 Nf4 22. Nxf4 ({But not} 22. Bxf4 exf4 23. Nxf4 b5 $14) 22... exf4 23. Bxf4 b5 24. Bh6 {[%emt 0:03:46] Threatens to win with Ne4.} bxc4 25. Qg5 {[%emt 0:01:26] Hoping for Ne4.} Rae8 {[%emt 0:02:54] Inhibits Ne4.} 26. Rge1 Kh8 27. Bxg7+ (27. Rxe8 {looks sharper.} Rxe8 28. Rf1 Qe7 29. Bxg7+ Qxg7 30. Qf4) 27... Qxg7 28. Qxg7+ Kxg7 29. Re4 Rxe4 30. Nxe4 Nb5 {[%emt 0:09:04] [#]} (30... Ne8 $14) 31. a4 $18 Rf4 $2 (31... Nd4 32. Nxd6 Rd8) 32. Ng3 {[%emt 0:00:12] Weighted Error Value: White=0.15 (very precise) /Black=0.38} 1-0